 Dungeon Crawl Stone Soup version 0.28-a0-312-gbced6e68ee (webtiles) character file.

Game seed: 3636793359322313975

6729 dolemite99 the Spear-Bearer (level 10, -29/86 HPs)
             Began as a Minotaur Abyssal Knight on Aug 31, 2021.
             Was an Elder of Lugonu.
             Killed from afar by a molten gargoyle (33 damage)
             ... with a bolt of magma
             ... on level 9 of the Dungeon.
             The game lasted 00:12:58 (15152 turns).

dolemite99 the Spear-Bearer (MiAK)                 Turns: 15152, Time: 00:12:59

Health: -29/86     AC: 18    Str: 20    XL:     10   Next: 75%
Magic:  12/12      EV:  7    Int:  9    God:    Lugonu [****..]
Gold:   589        SH:  0    Dex: 10    Spells: 9/9 levels left

rFire   . . .      SeeInvis .   a - +1 halberd
rCold   . . .      Faith    .   (shield currently unavailable)
rNeg    . . .      Spirit   .   F - +0 plate armour
rPois   .          Reflect  .   (helmet restricted)
rElec   .          Harm     .   (no cloak)
rCorr   +          Rampage  .   (no gloves)
Will    .....                   v - +2 pair of boots
Stlth   ..........              (no amulet)
HPRegen 0.24/turn               i - ring of resist corrosion
MPRegen 0.13/turn               s - +4 ring of slaying

@: no status effects
A: horns 2, retaliatory headbutt
a: Renounce Religion, Depart the Abyss, Bend Space, Banish, Corrupt


You were on level 9 of the Dungeon.
You worshipped Lugonu.
Lugonu was greatly pleased with you.
You visited 1 branch of the dungeon, and saw 9 of its levels.
You visited the Abyss 1 time.

You collected 589 gold pieces.

Inventory:

Hand Weapons
 a - a +1 halberd (weapon)
 b - a +1 hunting sling of freezing
 k - a +1 spear
Missiles
 c - 135 arrows
 f - 114 bolts
 n - 211 stones
 r - 11 boomerangs
 u - a throwing net
 x - 60 sling bullets
 y - 4 javelins
 E - 46 poisoned darts
Armour
 q - a +0 scale mail
 v - a +2 pair of boots (worn)
 F - a +0 plate armour (worn)
Magical Staves
 o - a staff of fire
 H - a staff of death
Jewellery
 i - a ring of resist corrosion (left hand)
 s - a +4 ring of slaying (right hand)
 t - a ring of protection from cold
 G - a +4 ring of protection
 J - an amulet of magic regeneration
Scrolls
 d - a scroll of torment {unknown}
 e - a scroll of vulnerability
 h - a scroll of brand weapon {unknown}
 m - 2 scrolls of identify {@r1}
 p - 3 scrolls of magic mapping {unknown}
 w - a scroll of holy word {unknown}
 C - a scroll of immolation {unknown}
 D - a scroll of noise {unknown}
Potions
 g - a potion of lignification {unknown}
 j - 2 potions of brilliance
 l - a potion of magic
 z - a potion of flight
 A - 2 potions of attraction
 B - a potion of cancellation {unknown}
Miscellaneous
 I - a lightning rod (4/4)


   Skills:
 - Level 7.1 Fighting
 - Level 14.0 Polearms
 - Level 11.0 Armour
 - Level 1.1 Dodging
 + Level 4.4 Invocations


You had 9 spell levels left.
You didn't know any spells.
Your spell library contained the following spells:

 Spells                   Type           Power      Damage    Failure   Level
 Animate Skeleton         Necr           0%         N/A       99%         1
 Apportation              Tloc           0%         N/A       99%         1
 Corona                   Hex            0%         N/A       99%         1
 Pain                     Necr           0%         1d4       99%         1
 Summon Small Mammal      Summ           0%         N/A       99%         1
 Corpse Rot               Necr/Air       N/A        N/A       100%        2
 Poisonous Vapours        Pois/Air       0%         N/A       100%        2
 Static Discharge         Conj/Air       0%         N/A       100%        2
 Ozocubu's Armour         Ice            0%         N/A       100%        3
 Vampiric Draining        Necr           0%         2d6       100%        3
 Dispel Undead            Necr           0%         3d6       100%        4
 Sticky Flame             Conj/Fire      0%         2d3       100%        4
 Freezing Cloud           Conj/Ice/Air   0%         6-21      100%        5
 Lightning Bolt           Conj/Air       0%         1d11      100%        5
 Ozocubu's Refrigeration  Ice            0%         4d5       100%        7
 Maxwell's Capacitive Co  Air            0%         ∞         100%        8


Dungeon Overview and Level Annotations

Branches:
Dungeon (9/15)             Temple (0/1) D:4
   Lair: D:8-11         Orc: D:9-12

Altars:
Elyvilon
Okawaru
Qazlal
Ru
The Shining One

Shops:
D:7 :   D:8 *

Annotations:
D:3 Eustachio
D:4 Sigmund
D:5 3 runed translucent doors, hgbash's ghost, novice MiBe


Innate Abilities, Weirdness & Mutations

You have a pair of horns on your head.
You reflexively headbutt those who attack you in melee.


Message History

You start resting.
Magic restored.
You start resting.
HP restored.
Found 18 gold pieces.
n - 211 stones (gained 22)
You now have 571 gold pieces (gained 14).
A lava snake comes into view.
The lava snake moves out of view.
You see here 18 gold pieces.
You now have 589 gold pieces (gained 18).
The lava snake spits lava at you. The glob of lava misses you.
A molten gargoyle comes into view. It is wielding a +0 flail.
You start waiting.
Done waiting.
A molten gargoyle is nearby!
A lava snake comes into view.
The lava snake hisses angrily.
You hear an angry hiss.
The lava snake spits lava at you.
The glob of lava hits you but does no damage.
A molten gargoyle comes into view.
It is wielding a +2 flail of protection.
A molten gargoyle comes into view. It is wielding a +0 mace.
The lava snake spits lava at you. The glob of lava hits you!
The molten gargoyle blasts magma at you!
The bolt of magma misses you.
Found 19 sling bullets.
The molten gargoyle hits you with a +0 flail.
You are engulfed in flames!
The molten gargoyle blasts magma at you!
The bolt of magma hits you!
The molten gargoyle blasts magma at you!
The bolt of magma hits you!!
The molten gargoyle blasts magma at you!
The bolt of magma hits you!!
* * * LOW HITPOINT WARNING * * *
The molten gargoyle blasts magma at you!
The bolt of magma hits you!!
You die...

############
...........###
....######...##
....# #....#
...#.# #.#.###
#.#.#.#.#.#.#..###
...#...≈.≈...#9..#
###..S§≈≈S§.#9.#@#
#.§≈≈§≈≈S.###.#
§§§88≈9.# #.#
§≈88§≈.. #.#
≈≈≈§≈§ #.# §≈≈≈≈
... ≈.≈. ..# §#.#
#..


You could see a molten gargoyle.

Vanquished Creatures
  2 two-headed ogres
  A cyclops (D:8)
  2 manticores (D:8)
  5 centaur zombies
  A molten gargoyle (D:9)
  Maggie (D:6)
  A slime creature (D:8)
  A hornet (D:8)
  A yak (D:7)
  An ice beast (D:6)
  A black bear (D:4)
  4 orc warriors (D:8)
  A necrophage (D:7)
  A sky beast (D:8)
  2 ogres
  2 centaurs
  A phantom (D:5)
  3 bullfrogs
  Blork the orc (D:6)
  2 kobold brigands
  A scorpion (D:3)
  A water moccasin skeleton (D:6)
  4 killer bees (D:8)
  An electric eel (D:8)
  A bullfrog zombie (D:6)
  A hound (D:7)
  5 orc priests
  A bullfrog skeleton (D:7)
  A gnoll shaman (D:4)
  4 jellies
  4 iguanas
  5 orc wizards
  A killer bee zombie (D:6)
  A mummy (D:4)
  A hound zombie (D:5)
  9 adders
  4 gnolls
  A howler monkey skeleton (D:6)
  2 shadow imps (D:8)
  2 white imps
  An ufetubus (D:6)
  A worm (D:5)
  5 dart slugs
  22 orcs
  9 ball pythons
  14 endoplasms
  6 giant cockroaches
  11 hobgoblins
  6 jackals
  4 quokkas
  10 bats
  2 frilled lizards (D:1)
  7 goblins
  9 kobolds
  A kobold zombie (D:4)
  An orc zombie (D:4)
  4 rats
197 creatures vanquished.

Notes
Turn   | Place    | Note
-------+----------+-------------------------------------------
     0 | Abyss:1  | dolemite99 the Minotaur Abyssal Knight began the quest for
                  | the Orb.
     0 | Abyss:1  | Reached XP level 1. HP: 19/19 MP: 1/1
    58 | Abyss:2  | Noticed a sixfirhy
    61 | D:1      | Escaped the Abyss
   251 | D:1      | Reached skill level 3 in Polearms
   252 | D:1      | Reached * piety under Lugonu
   341 | D:1      | Reached XP level 2. HP: 19/26 MP: 2/2
   811 | D:1      | Reached skill level 4 in Polearms
  1107 | D:1      | Reached XP level 3. HP: 21/31 MP: 3/3
  1641 | D:2      | Reached skill level 5 in Polearms
  2152 | D:2      | Found a faded altar of an unknown god.
  2295 | D:3      | Reached XP level 4. HP: 35/39 MP: 4/4
  2516 | D:3      | Reached ** piety under Lugonu
  2644 | D:3      | Reached skill level 6 in Polearms
  2668 | D:3      | Reached XP level 5. HP: 14/45 MP: 5/5
  3366 | D:3      | Reached skill level 7 in Polearms
  4034 | D:4      | Noticed Eustachio
  4037 | D:4      | Found an iron altar of Okawaru.
  4885 | D:4      | Noticed Sigmund
  4944 | D:4      | Reached XP level 6. HP: 39/51 MP: 6/6
  5164 | D:4      | Found a glowing golden altar of the Shining One.
  5165 | D:4      | Found a sacrificial altar of Ru.
  5165 | D:4      | Found a stormy altar of Qazlal.
  5220 | D:4      | Reached skill level 8 in Polearms
  5387 | D:5      | Entered Level 5 of the Dungeon
  6920 | D:5      | Reached skill level 10 in Polearms
  6920 | D:5      | Reached XP level 7. HP: 44/57 MP: 7/7
  7186 | D:5      | Found a runed translucent gate.
  7187 | D:5      | Found a runed translucent gate.
  7187 | D:5      | Found a runed translucent gate.
  7188 | D:5      | Noticed hgbash's ghost (novice MiBe)
  7369 | D:4      | Found a staircase to the Ecumenical Temple.
  7450 | D:4      | Reached skill level 11 in Polearms
  7452 | D:4      | You fall into a shaft and drop 2 floors!
  7452 | D:6      | Noticed a two-headed ogre
  7566 | D:6      | Reached XP level 8. HP: 34/64 MP: 8/8
  7674 | D:6      | Reached *** piety under Lugonu
  8106 | D:7      | Found Icopus's Book Emporium.
  8263 | D:7      | Reached skill level 12 in Polearms
  9010 | D:6      | Reached skill level 13 in Polearms
  9317 | D:6      | Noticed Maggie
  9336 | D:6      | Noticed Blork the orc
  9338 | D:6      | Killed Maggie
  9339 | D:6      | Reached XP level 9. HP: 24/70 MP: 9/9
  9357 | D:6      | Killed Blork the orc
  9530 | D:6      | Reached skill level 14 in Polearms
  9773 | D:6      | Found a white marble altar of Elyvilon.
  9830 | D:6      | Noticed a manticore
  9830 | D:6      | Noticed a komodo dragon
  9938 | D:6      | Killed a two-headed ogre
 11822 | D:8      | Found Wipock's General Store.
 11861 | D:8      | Reached skill level 5 in Armour
 12439 | D:8      | Noticed a two-headed ogre
 12453 | D:8      | Killed a two-headed ogre
 12454 | D:8      | Reached XP level 10. HP: 42/86 MP: 10/10
 12468 | D:8      | Noticed a manticore
 12586 | D:8      | Killed a manticore
 12923 | D:8      | Noticed a manticore
 12924 | D:8      | Noticed a cyclops
 12925 | D:8      | Noticed a brown ugly thing
 12955 | D:8      | Killed a manticore
 12955 | D:8      | Reached **** piety under Lugonu
 12956 | D:8      | Reached skill level 10 in Armour
 12963 | D:8      | Killed a cyclops
 14747 | D:9      | Noticed a molten gargoyle
 14953 | D:9      | Killed a molten gargoyle
 15034 | D:9      | Noticed a molten gargoyle
 15145 | D:9      | Noticed a molten gargoyle
 15145 | D:9      | Noticed a molten gargoyle
 15151 | D:9      | HP: 4/86 [molten gargoyle/bolt of magma (22)]
 15152 | D:9      | Killed from afar by a molten gargoyle

Illustrated notes

Levels and vault maps discovered:
D:1:      nicolae_arrival_washed_ashore, layout_basic, chequers_arboretum,
          minmay_bisected
D:2:      layout_rooms, shapermc_ecumenical_altar_acropolis, minmay_tromino_v4_c
D:3:      minmay_diamond_boxcup, layout_basic, grunt_ministairs_7, st_stairs_13,
          skrybe_limestone_x
D:4:      layout_loops_ring, kennysheep_okawaru_gauntlet,
          chequers_temple_overflow_statue_of_worship, temple_hall,
          nicolae_ossuary_entry_giza, minmay_misc_feat_rugged,
          hangedman_decor_opposing, minmay_joined_circles, uniq_eustachio,
          uniq_sigmund
D:5:      layout_basic, ebering_ghost_rock_garden
D:6:      layout_basic, mainiacjoe_overflow_small_starburst,
          lightli_corner_chamber, uniq_blork_the_orc, uniq_maggie
D:7:      layout_loops_ring, serial_shops, nicolae_shop_trees,
          minmay_liquid_box, eino_small_chamber_without_monster
D:8:      minmay_the_grid_octo_triangle [minmay_the_grid_octo_empty,
          minmay_the_grid_octo_prize_ultimate_mussel_roller,
          minmay_the_grid_octo_vomiting_pacman], layout_layer_cave,
          minmay_shop_grid_forest, kennysheep_crisscross, kennysheep_cross_room
D:9:      layout_rooms, mainiacjoe_overflow_chevrons, st_stairs_10,
          hangedman_abyss_or_decor_lesser_grid, minivault_8

Skill      XL: |  1  2  3  4  5  6  7  8  9 10 |
---------------+-------------------------------+-----
Polearms       | 3 4 5 6 7 10 11 13 14 | 14.0
Fighting       | 7 |  7.1
Armour         | 8 11 | 11.0
Invocations    | 4 |  4.4
Dodging        | |  1.1

Action                   |  1- 3 |  4- 6 |  7- 9 | 10-12 || total
-------------------------+-------+-------+-------+-------++-------
Melee: Spear             |   106 |   209 |       |       ||   315
       Headbutt          |     9 |    22 |    30 |    12 ||    73
       Halberd           |       |    48 |   177 |    91 ||   316
 Fire: Hunting sling     |       |       |    86 |       ||    86
Invok: Depart the Abyss  |     1 |       |       |       ||     1
  Use: Potion            |       |     1 |     8 |       ||     9
       Scroll            |       |     3 |    13 |     1 ||    17
Armor: Leather armour    |    24 |     7 |       |       ||    31
       Scale mail        |       |    97 |    78 |       ||   175
       Plate armour      |       |       |    15 |    73 ||    88
Dodge: Dodged            |    50 |    98 |    82 |    37 ||   267

Table legend: (Time is in decaauts)
 A = Elapsed time spent in this place.
 B = Non-inter-level travel time spent in this place.
 C = Inter-level travel time spent in this place.
 D = Time resting spent in this place.
 E = Time spent auto-exploring this place.
 F = Levels seen in this place.
 G = Mean time per level.
                   A        B        C        D        E       F      G
               +--------+--------+--------+--------+--------+-----+--------+
         Total |  15076 |  14858 |    218 |   7921 |   4753 |  11 | 1370.5 |
       Dungeon |  15016 |  14798 |    218 |   7921 |   4737 |   9 | 1668.4 |
         Abyss |     60 |     60 |      0 |      0 |     16 |   2 |   30.0 |
               +--------+--------+--------+--------+--------+-----+--------+

Top non-repeatable levels by time:
     D:8: 3674 daAuts
     D:3: 3120 daAuts
     D:6: 1935 daAuts
     D:7: 1839 daAuts
     D:1: 1418 daAuts
     D:4: 1292 daAuts
     D:2: 986 daAuts
     D:5: 524 daAuts
     D:9: 223 daAuts
 Abyss:2: 32 daAuts
 Abyss:1: 28 daAuts
